[ AOE2 MATCH · #507847222 ]
UnrankedCelts vs Wei
Player's team · WIN
Rival team · LOSS
[ REPLAY ANALYSIS · EXTRACTED FROM THE RECORDED GAME ]
Feudal
12:23
Castle
16:53
Imperial
—
| APM avg | 28.8 |
| APM peak | 52 |
| eAPM avg | 16.3 |
| Villagers / military | 53 / 52 |
Focus
⚔️ 30.4% · 🌾 69.6%
Woad Raider ×46 · Battering Ram ×6 · Unknown (1105) ×1
Feudal
8:59
Castle
21:38
Imperial
—
| APM avg | 51.2 |
| APM peak | 126 |
| eAPM avg | 21.0 |
| Villagers / military | 46 / 3 |
Focus
⚔️ 39.6% · 🌾 60.4%
Mangonel ×3 · Unknown (1949) ×2
Match map
Initial resources + every placement click. Lines = walls · curves = elevation contours. ◆ gold · ⬟ stone · ● berries · ✦ relic · ◌ wall gap
Your base· ✓ Closed at 16:53 · 14t walls · 2 gate(s)
maxymczech's base· ✓ Closed at 21:38 · 37t walls · 3 gate(s)
Smoothed initial terrain · ◌ = detected wall gap · hover for details
Inputs per minute
— Real 2K - - maxymczech
Build order — Real 2K
First 150 of 161 actions detected
| 0:00 | Queue | Villager (Male) |
| 0:01 | Queue | Villager (Male) |
| 0:02 | Build | House |
| 0:03 | Build | House |
| 0:17 | Queue | Villager (Male) |
| 0:20 | Queue | Villager (Male) |
| 1:23 | Queue | Villager (Male) |
| 1:45 | Build | Lumber Camp |
| 1:50 | Queue | Villager (Male) |
| 2:21 | Queue | Villager (Male) |
| 2:51 | Queue | Villager (Male) |
| 3:00 | Queue | Villager (Male) |
| 3:00 | Queue | Villager (Male) |
| 3:23 | Build | House |
| 3:24 | Build | House |
| 3:25 | Build | House |
| 3:35 | Queue | Villager (Male) |
| 4:01 | Queue | Villager (Male) |
| 4:22 | Build | Mill |
| 4:37 | Queue | Villager (Male) |
| 5:13 | Queue | Villager (Male) |
| 5:14 | Queue | Villager (Male) |
| 5:28 | Queue | Villager (Male) |
| 5:56 | Queue | Villager (Male) |
| 6:06 | Queue | Villager (Male) |
| 6:16 | Queue | Villager (Male) |
| 6:27 | Queue | Villager (Male) |
| 7:28 | Queue | Villager (Male) |
| 7:28 | Queue | Villager (Male) |
| 7:39 | Queue | Villager (Male) |
| 7:39 | Queue | Villager (Male) |
| 7:54 | Queue | Villager (Male) |
| 8:08 | Queue | Villager (Male) |
| 8:08 | Queue | Villager (Male) |
| 8:16 | Queue | Villager (Male) |
| 8:40 | Build | Mill |
| 9:17 | Build | House |
| 9:18 | Build | House |
| 9:19 | Build | House |
| 9:28 | Research | Loom |
| 9:29 | Build | Mining Camp |
| 9:47 | Research | Feudal Age |
| 9:55 | Build | Farm |
| 9:55 | Build | Farm |
| 9:57 | Build | Farm |
| 9:58 | Build | Farm |
| 10:00 | Build | House |
| 10:05 | Build | House |
| 10:06 | Build | House |
| 10:07 | Build | House |
| 10:17 | Build | Farm |
| 10:21 | Build | Farm |
| 10:25 | Queue | Villager (Male) |
| 10:52 | Build | Mining Camp |
| 12:13 | Queue | Villager (Male) |
| 12:23 | Age | Feudal Age |
| 12:27 | Build | Stone Wall |
| 12:33 | Build | Stone Wall |
| 12:44 | Build | Blacksmith |
| 12:49 | Build | Market |
| 13:05 | Build | Lumber Camp |
| 13:17 | Build | Stone Wall |
| 13:20 | Queue | Villager (Male) |
| 13:38 | Queue | Villager (Male) |
| 13:58 | Build | Farm |
| 14:03 | Build | Farm |
| 14:13 | Research | Castle Age |
| 14:24 | Build | Stone Wall |
| 14:30 | Build | Farm |
| 14:53 | Research | Double-Bit Axe |
| 15:18 | Research | Horse Collar |
| 15:40 | Build | Farm |
| 15:41 | Build | Farm |
| 16:07 | Research | Gold Mining |
| 16:48 | Queue | Villager (Male) |
| 16:48 | Queue | Villager (Male) |
| 16:53 | Age | Castle Age |
| 16:55 | Build | Siege Workshop |
| 17:13 | Build | Castle |
| 17:16 | Queue | Villager (Male) |
| 17:23 | Queue | Villager (Male) |
| 17:28 | Queue | Battering Ram |
| 17:40 | Queue | Villager (Male) |
| 17:48 | Queue | Villager (Male) |
| 17:59 | Queue | Battering Ram |
| 18:11 | Queue | Woad Raider |
| 18:12 | Queue | Woad Raider |
| 18:12 | Queue | Woad Raider |
| 18:23 | Queue | Woad Raider |
| 18:34 | Build | Farm |
| 18:59 | Queue | Battering Ram |
| 19:01 | Queue | Villager (Male) |
| 19:03 | Build | Farm |
| 19:08 | Build | Farm |
| 19:14 | Build | Farm |
| 19:23 | Queue | Woad Raider |
| 19:23 | Queue | Woad Raider |
| 19:23 | Queue | Woad Raider |
| 19:23 | Queue | Woad Raider |
| 19:36 | Queue | Unit 1105 |
| 19:52 | Queue | Villager (Male) |
| 19:52 | Queue | Villager (Male) |
| 20:10 | Queue | Woad Raider |
| 20:10 | Queue | Woad Raider |
| 20:10 | Queue | Woad Raider |
| 20:10 | Queue | Woad Raider |
| 20:26 | Queue | Battering Ram |
| 20:44 | Queue | Woad Raider |
| 20:44 | Queue | Woad Raider |
| 20:44 | Queue | Woad Raider |
| 20:44 | Queue | Woad Raider |
| 21:05 | Queue | Woad Raider |
| 21:05 | Queue | Woad Raider |
| 21:05 | Queue | Woad Raider |
| 21:28 | Queue | Villager (Male) |
| 21:30 | Queue | Battering Ram |
| 21:30 | Queue | Battering Ram |
| 21:34 | Queue | Woad Raider |
| 21:34 | Queue | Woad Raider |
| 21:35 | Queue | Woad Raider |
| 21:35 | Queue | Woad Raider |
| 22:09 | Build | Farm |
| 22:13 | Build | Farm |
| 22:15 | Build | Farm |
| 22:18 | Queue | Woad Raider |
| 22:18 | Queue | Woad Raider |
| 22:18 | Queue | Woad Raider |
| 22:28 | Build | Farm |
| 22:36 | Build | Farm |
| 22:38 | Queue | Woad Raider |
| 22:39 | Queue | Woad Raider |
| 22:49 | Queue | Villager (Male) |
| 22:56 | Queue | Woad Raider |
| 22:56 | Queue | Woad Raider |
| 23:24 | Queue | Woad Raider |
| 23:24 | Queue | Woad Raider |
| 23:34 | Queue | Villager (Male) |
| 24:13 | Queue | Villager (Male) |
| 24:18 | Build | Town Center |
| 24:19 | Queue | Villager (Male) |
| 24:19 | Queue | Villager (Male) |
| 24:35 | Queue | Villager (Male) |
| 24:37 | Queue | Woad Raider |
| 24:37 | Queue | Woad Raider |
| 25:04 | Queue | Villager (Male) |
| 25:06 | Queue | Woad Raider |
| 25:06 | Queue | Woad Raider |
| 25:26 | Queue | Villager (Male) |
| 25:28 | Queue | Villager (Male) |
| 25:32 | Queue | Woad Raider |
Build order — maxymczech
134 actions detected in the replay
| 0:00 | Queue | Villager (Male) |
| 0:01 | Build | House |
| 0:03 | Build | House |
| 0:13 | Queue | Villager (Male) ×3 |
| 1:39 | Queue | Villager (Male) |
| 1:53 | Queue | Villager (Male) |
| 2:09 | Build | Lumber Camp |
| 2:12 | Queue | Villager (Male) |
| 2:41 | Queue | Villager (Male) |
| 2:41 | Queue | Villager (Male) |
| 3:32 | Build | House |
| 3:45 | Queue | Villager (Male) ×3 |
| 4:08 | Queue | Villager (Male) |
| 4:08 | Queue | Villager (Male) |
| 4:27 | Queue | Villager (Male) |
| 5:43 | Build | Mill |
| 5:46 | Queue | Villager (Male) |
| 5:46 | Queue | Villager (Male) |
| 5:49 | Research | Loom |
| 6:39 | Queue | Villager (Male) |
| 6:49 | Research | Feudal Age |
| 6:54 | Build | Mining Camp |
| 7:34 | Build | House |
| 7:35 | Build | House |
| 8:17 | Queue | Villager (Male) |
| 8:17 | Queue | Villager (Male) |
| 8:59 | Age | Feudal Age |
| 9:02 | Build | Watch Tower |
| 9:10 | Queue | Villager (Male) |
| 9:11 | Research | Double-Bit Axe |
| 9:32 | Queue | Villager (Male) |
| 9:55 | Queue | Villager (Male) |
| 9:59 | Build | Blacksmith |
| 10:20 | Queue | Villager (Male) |
| 10:40 | Queue | Villager (Male) |
| 10:52 | Research | Fletching |
| 11:04 | Research | Horse Collar |
| 11:20 | Build | Watch Tower |
| 11:48 | Queue | Villager (Male) |
| 11:48 | Queue | Villager (Male) |
| 11:57 | Build | House |
| 11:58 | Build | House |
| 12:01 | Queue | Villager (Male) |
| 12:16 | Build | Stone Wall |
| 12:22 | Queue | Villager (Male) |
| 12:39 | Research | Town Watch |
| 12:51 | Build | Watch Tower |
| 12:59 | Queue | Villager (Male) |
| 13:06 | Build | Mining Camp |
| 13:27 | Build | Stone Wall |
| 13:31 | Queue | Villager (Male) |
| 13:31 | Queue | Villager (Male) |
| 13:54 | Research | Stone Mining |
| 14:24 | Queue | Villager (Male) |
| 14:25 | Queue | Villager (Male) |
| 14:27 | Build | Farm |
| 14:28 | Build | Farm |
| 14:52 | Queue | Villager (Male) |
| 15:20 | Build | Stone Wall |
| 15:20 | Build | Stone Wall |
| 15:27 | Build | House |
| 15:28 | Build | House |
| 15:33 | Build | Stone Wall |
| 15:40 | Build | Watch Tower |
| 15:47 | Build | Watch Tower |
| 15:59 | Queue | Villager (Male) |
| 15:59 | Queue | Villager (Male) |
| 16:02 | Build | Market |
| 16:18 | Build | Stone Wall |
| 16:19 | Build | Stone Wall |
| 16:27 | Build | Lumber Camp |
| 16:49 | Queue | Villager (Male) |
| 16:50 | Queue | Villager (Male) |
| 16:52 | Build | Farm |
| 16:59 | Build | Farm |
| 17:33 | Build | Stone Wall |
| 17:39 | Queue | Villager (Male) |
| 17:47 | Build | Stone Wall |
| 17:49 | Build | Stone Wall |
| 17:55 | Build | Mill |
| 18:00 | Queue | Villager (Male) |
| 18:02 | Build | Farm |
| 18:06 | Build | Farm |
| 18:09 | Build | Farm |
| 18:48 | Build | Stone Wall |
| 18:58 | Research | Castle Age |
| 19:03 | Build | Stone Wall |
| 19:05 | Build | Stone Wall |
| 19:12 | Build | Stone Wall |
| 19:18 | Build | Watch Tower |
| 19:24 | Build | Stone Wall |
| 19:26 | Build | Stone Wall |
| 19:29 | Build | Stone Wall |
| 19:31 | Build | Stone Wall |
| 19:47 | Build | House |
| 19:48 | Build | House |
| 19:52 | Build | Stone Wall |
| 19:55 | Build | Stone Wall |
| 20:02 | Queue | Villager (Male) |
| 20:12 | Build | Stone Wall |
| 20:15 | Build | Stone Wall |
| 20:25 | Build | Stone Wall |
| 20:36 | Build | Palisade Gate |
| 20:39 | Build | Palisade Gate |
| 20:46 | Build | Stone Wall |
| 20:57 | Build | Stone Wall |
| 21:17 | Build | Stone Wall |
| 21:18 | Build | Stone Wall |
| 21:38 | Age | Castle Age |
| 21:38 | Build | Palisade Gate |
| 21:43 | Build | House |
| 21:47 | Queue | Villager (Male) |
| 22:00 | Build | Castle |
| 22:08 | Build | Stone Wall |
| 22:10 | Research | Padded Archer Armor |
| 22:11 | Research | Padded Archer Armor |
| 22:12 | Queue | Villager (Male) |
| 22:12 | Queue | Villager (Male) |
| 22:19 | Build | Stone Wall |
| 22:35 | Build | Palisade Wall |
| 22:40 | Queue | Villager (Male) |
| 22:42 | Build | Farm |
| 22:44 | Build | Farm |
| 22:53 | Build | Stone Wall |
| 23:04 | Build | House |
| 23:12 | Build | Palisade Gate |
| 23:18 | Build | House |
| 23:35 | Build | Siege Workshop |
| 23:43 | Queue | Unit 1949 |
| 23:44 | Queue | Unit 1949 |
| 24:01 | Queue | Mangonel |
| 25:16 | Queue | Mangonel |
| 25:40 | Build | Gate |
| 25:49 | Queue | Mangonel |
Match timeline
| 8:59 | maxymczech · age_up feudal |
| 12:16 | maxymczech · wall_segment Stone Wall x6 |
| 12:23 | Real 2K · age_up feudal |
| 12:27 | Real 2K · wall_segment Stone Wall x6 |
| 12:33 | Real 2K · wall_segment Stone Wall x6 |
| 13:17 | Real 2K · wall_segment Stone Wall x1 |
| 13:27 | maxymczech · wall_segment Stone Wall x8 |
| 14:24 | Real 2K · wall_segment Stone Wall x1 |
| 15:20 | maxymczech · wall_segment Stone Wall x1 |
| 15:20 | maxymczech · wall_segment Stone Wall x1 |
| 15:33 | maxymczech · wall_segment Stone Wall x1 |
| 16:18 | maxymczech · wall_segment Stone Wall x3 |
| 16:19 | maxymczech · wall_segment Stone Wall x1 |
| 16:53 | Real 2K · age_up castle |
| 16:55 | Real 2K · first_building Siege Workshop |
| 17:13 | Real 2K · first_building Castle |
| 17:33 | maxymczech · wall_segment Stone Wall x1 |
| 17:40 | maxymczech · first_market_sell 500 wood |
| 17:43 | maxymczech · first_market_buy 100 food |
| 17:47 | maxymczech · wall_segment Stone Wall x1 |
| 17:49 | maxymczech · wall_segment Stone Wall x1 |
| 18:48 | maxymczech · wall_segment Stone Wall x1 |
| 18:54 | Real 2K · first_market_sell 100 stone |
| 19:03 | maxymczech · wall_segment Stone Wall x1 |
| 19:05 | maxymczech · wall_segment Stone Wall x1 |
| 19:12 | maxymczech · wall_segment Stone Wall x1 |
| 19:24 | maxymczech · wall_segment Stone Wall x1 |
| 19:26 | maxymczech · wall_segment Stone Wall x1 |
| 19:29 | maxymczech · wall_segment Stone Wall x1 |
| 19:31 | maxymczech · wall_segment Stone Wall x1 |
| 19:52 | maxymczech · wall_segment Stone Wall x1 |
| 19:55 | maxymczech · wall_segment Stone Wall x1 |
| 20:12 | maxymczech · wall_segment Stone Wall x1 |
| 20:15 | maxymczech · wall_segment Stone Wall x1 |
| 20:25 | maxymczech · wall_segment Stone Wall x1 |
| 20:46 | maxymczech · wall_segment Stone Wall x1 |
| 20:57 | maxymczech · wall_segment Stone Wall x1 |
| 21:17 | maxymczech · wall_segment Stone Wall x1 |
| 21:18 | maxymczech · wall_segment Stone Wall x1 |
| 21:33 | Real 2K · first_market_buy 100 food |
| 21:38 | maxymczech · age_up castle |
| 22:00 | maxymczech · first_building Castle |
| 22:08 | maxymczech · wall_segment Stone Wall x12 |
| 22:19 | maxymczech · wall_segment Stone Wall x13 |
| 22:35 | maxymczech · wall_segment Palisade Wall x1 |
| 22:53 | maxymczech · wall_segment Stone Wall x8 |
| 23:35 | maxymczech · first_building Siege Workshop |
| 26:22 | maxymczech · resign |
[ AI ANALYSIS · 1 CREDIT ]
What really happened in this match?
Wolo.gg analyzes every decision: build order, eco, micro, common mistakes by bracket. Personalized analysis on WhatsApp or Discord in 30 seconds.
Civ guide
Celts
Perfil
Jugador #18506023